 Dungeon Crawl Stone Soup version 0.31.0-32-g396128a36d (console) character file.

Game seed: 6953718416345472318

154 utis the Grave Robber (level 4, 0/33 HPs)
             Began as a Demigod Necromancer on Mar 31, 2024.
             Slain by a hobgoblin (1 damage)
             ... led by Robin
             ... on level 3 of the Dungeon.
             The game lasted 00:07:39 (3204 turns).

utis the Grave Robber (Demigod Necromancer)         Turns: 3204, Time: 00:07:39

Health: 0/33       AC:  5    Str:  9    XL:     4   Next: 88%
Magic:  0/9        EV: 10    Int: 21    God:
Gold:   109        SH:  0    Dex: 14    Spells: 2/6 levels left

rFire   + . .        l - +0 short sword
rCold   . . .        (no shield)
rNeg    . . .        k - +0 ring mail
rPois   .            (no helmet)
rElec   .            (no cloak)
rCorr   .            (no gloves)
SInv    .            (no boots)
Will    .....        (no amulet)
Stlth   +            p - ring of protection from fire
HPRegen 0.25/turn    (no ring)
MPRegen 0.11/turn

%: no passive effects
@: lethally poisoned (0 -> -1)
A: high MP 1, forlorn, divine attributes
a: no special abilities


You were on level 3 of the Dungeon.
You visited 1 branch of the dungeon, and saw 3 of its levels.

You collected 109 gold pieces.

Inventory:

Hand Weapons
 h - a +0 dagger
 l - a +0 short sword (weapon)
Missiles
 i - 17 stones
Armour
 a - a +0 robe
 k - a +0 ring mail (worn)
Jewellery
 p - a ring of protection from fire (left hand)
Scrolls
 c - a scroll of teleportation {unknown}
 d - a scroll of fog {unknown}
 e - a scroll of fear {unknown}
 o - 3 scrolls of immolation
 q - a scroll of blinking {unknown}
Potions
 b - 3 potions of magic
 f - a potion of brilliance {unknown}
 g - 2 potions of curing {@q1}
 j - a potion of cancellation
 m - a potion of might
 n - a potion of lignification {unknown}
 r - a potion of haste {unknown}
 s - a potion of enlightenment {unknown}
 t - a potion of berserk rage {unknown}


   Skills:
 - Level 1.7 Dodging
 - Level 1.7 Stealth
 - Level 1.7 Spellcasting
 + Level 5.9 Necromancy


You had 2 spell levels left.
You knew the following spells:

 Your Spells              Type           Power      Damage    Failure   Level
v - Vampiric Draining     Necr           26%        2d7       11%         3
Y - Necrotise             Necr           100%       1d9       3%          1

Your spell library contained the following spells:

 Spells                   Type           Power      Damage    Failure   Level
 Ensorcelled Hibernation  Hex/Ice        2%         N/A       54%         2
 Lesser Beckoning         Tloc           2%         N/A       54%         2
 Fugue of the Fallen      Necr           26%        N/A       11%         3
 Animate Dead             Necr           26%        N/A       36%         4
 Curse of Agony           Necr           26%        N/A       71%         5
 Gell's Gravitas          Tloc           1%         N/A       77%         3
 Ozocubu's Armour         Ice            1%         N/A       77%         3
 Passwall                 Erth           1%         N/A       77%         3
 Swiftness                Air            1%         N/A       77%         3
 Teleport Other           Tloc           1%         N/A       77%         3
 Manifold Assault         Tloc           1%         N/A       99%         4


Dungeon Overview and Level Annotations

Branches:
Dungeon (3/15)


Innate Abilities, Weirdness & Mutations

You have an increased reservoir of magic. (+10% MP)
You shall have no god before yourself.
Your divine heritage dramatically boosts your attributes as you level up.


Message History

* * * LOW HITPOINT WARNING * * *
Aiming: Necrotise (safe; 3% risk of failure)
Press: ? - help, Q - select action, (/) - cycle Shift-Dir - straight line, f/p - Robin
Aim: Robin, wielding a +0 short sword of venom, wearing a +0 animal skin and wearing a +0 helmet (severely wounded, chance to affect: 88%) Robin writhes in agony.
* * * LOW MAGIC WARNING * * *
The goblin hits you with a +0 dagger.
* * * LOW HITPOINT WARNING * * *
You don't have enough magic to cast this spell.
The goblin hits you with a +0 dagger.
* * * LOW HITPOINT WARNING * * *
Robin hits you but does no damage.
You are poisoned.
Unknown command.
Unknown command.
You closely miss Robin.
Robin is almost dead.
You feel sick. The goblin hits you but does no damage. Robin barely misses you.
You hit Robin.
You kill Robin!
You feel sick. The goblin barely misses you.
You hit the goblin.
The goblin is severely wounded.
You feel sick. The goblin hits you but does no damage. The hobgoblin hits you.
* * * LOW HITPOINT WARNING * * *
Unknown command.
* * * LOW HITPOINT WARNING * * *
You feel sick.
The hobgoblin no longer looks unusually strong.
The goblin hits you but does no damage.
The hobgoblin attacks as it pursues you!
The hobgoblin closely misses you.
Unknown command.
* * * LOW HITPOINT WARNING * * *
You feel sick.
The goblin no longer looks unusually strong. x2
The goblin hits you but does no damage.
The hobgoblin attacks as it pursues you!
The hobgoblin hits you.
You die...

)..... .... ░░░░░░░...░
...░ ░......>..░ ...░
░.........░ .)..
░░░░░.........░ ░░░░...░
░░░░ .............░
░░░.=...░░ ....
░░░..░░.░.░░░░░░....░░.░.
░░░░░░ ░░....░.░
░░.......... .....░░░
░.......░░░░.g░░......░
░░░░[..░░
░.░░░...g)ggg░░░......░
░░░..░░░.░░░.pg.░░░░░
░░░....░ ░░░..░░.░....g░░
░....░
░.........░...░░░░░░
░░..░░
░.░░░░░.░.....░....░ ░..░
░░░░░.......░..░.......░
░..░
..Z....░░░.....<.......░
░░░..░
...░░░.░░..░......░....░
░....░░
...░░░....░..░░░...░░░░░
░░..░..░ .......░░░░.░░
░░..░░ ░......░ .....░░░
..░ ░░...░ ░░░.░░░░.░
....░░░...░░░
░..░.░░░░...░ .░


You could see 2 hobgoblins and 5 goblins.

Vanquished Creatures
  Natasha (thrice) (D:3)
  Robin (D:3)
  An adder (D:2)
  2 dart slugs (D:1)
  2 orcs (D:3)
  6 endoplasms
  3 giant cockroaches
  4 goblins
  8 hobgoblins
  4 jackals (D:2)
  2 kobolds (D:1)
  3 quokkas
  3 ball pythons
  4 bats
  3 frilled lizards
  2 rats
51 creatures vanquished.

Notes
Turn   | Place    | Note
-------+----------+-------------------------------------------
     0 | D:1      | utis the Demigod Necromancer began the quest for the Orb.
     0 | D:1      | Reached XP level 1. HP: 14/14 MP: 5/5
   270 | D:1      | Reached skill level 4 in Necromancy
   479 | D:1      | Reached XP level 2. HP: 20/20 MP: 4/7
  1943 | D:2      | Reached XP level 3. HP: 23/26 MP: 3/8
  1989 | D:2      | Learned a level 3 spell: Vampiric Draining
  2734 | D:3      | Noticed Natasha
  2738 | D:3      | Killed Natasha
  2739 | D:3      | Reached skill level 5 in Necromancy
  2759 | D:3      | Noticed Natasha
  2772 | D:3      | Killed Natasha
  2773 | D:3      | Reached XP level 4. HP: 19/33 MP: 5/9
  2816 | D:3      | Noticed Natasha
  2823 | D:3      | Killed Natasha
  3005 | D:3      | Identified the +0 robe of Siun {rPois Regen+ Dex+2}
  3181 | D:3      | Noticed Robin
  3201 | D:3      | Killed Robin
  3204 | D:3      | HP: 1/33 [poisoned by Robin]
  3204 | D:3      | Slain by a hobgoblin

Illustrated notes

Levels and vault maps discovered:
D:1:      wander_arrival_lonely_grave, layout_basic
D:2:      layout_loops_ring
D:3:      layout_rooms, mainiacjoe_overflow_surrounded_room, elyvilon_altar_3,
          jmf_multi_god_temple2, dreamdust_ecumenical_altar_grove, uniq_natasha,
          uniq_robin

Skill      XL: |  1  2  3 |
---------------+----------+-----
Necromancy     | 4 5 |  5.9
Dodging        | |  1.7
Stealth        | |  1.7
Spellcasting   | |  1.7

Action                     |  1- 3 |  4- 6 || total
---------------------------+-------+-------++-------
  Melee: Short sword       |       |     5 ||     5
   Cast: Necrotise         |    83 |    26 ||   109
    Use: Scroll            |     4 |       ||     4
         Potion            |       |     1 ||     1
 Armour: Robe              |     3 |       ||     3
         Ring mail         |     7 |    13 ||    20
  Dodge: Dodged            |     5 |     5 ||    10
